cohdb
Replays
Latest Replays
All Replays
Popular Replays
Top Player Replays
Match Explorer
How It Works
Community
CoH3 Stats
Reddit
Sign in to upload your games and track your stats! →
Sign in with Steam
Match 41456763
Unlisted
Match 41456763
Overview
Messages
Build Orders
End
Construct Section Command Post
Vickers Machine Gun Team
Infantry Section
Selects Australian Defense Battlegroup
Selects Australian Light Infantry Section
Australian Light Infantry Section
ML 3-inch Mortar Team
Grenade Package
Construct Field Infirmary
Vickers Machine Gun Team
Australian Light Infantry Section
Selects 2-pounder Anti-tank Gun Team
2-pounder Anti-tank Gun Team
Major Moonbear
Rhetorical
bdbr
樱岛麻衣
Dave
xaiex
0
0
Comments
sign in to comment!
No comments posted yet!